 Dungeon Crawl Stone Soup version 0.32-a0-616-g9348d4545b (webtiles) character file.

Game seed: 7590854440807005821

471 chuckh07 the Trooper (level 7, 0/72 (75) HPs)
             Began as an Oni Cinder Acolyte on Mar 5, 2024.
             Was an Initiate of Ignis.
             Slain by a wight
             ... wielding a +0 halberd of venom
              (8 damage)
             ... on level 5 of the Dungeon.
             The game lasted 00:16:01 (1704 turns).

chuckh07 the Trooper (Oni Cinder Acolyte)           Turns: 1704, Time: 00:16:01

HP:   0/72 (75)     AC: 11    Str: 19    XL:     7   Next: 9%
MP:   3/9           EV:  7    Int: 15    God:    Ignis [......]
Gold: 56            SH:  0    Dex:  6    Spells: 6/8 levels left

rFire   + . .        D - +0 morningstar
rCold   . . .        (no shield)
rNeg    + . .        n - +0 pearl dragon scales
rPois   .            (helmet restricted)
rElec   .            (no cloak)
rCorr   .            (gloves unavailable)
SInv    .            (boots unavailable)
Will    .....        (no amulet) Stlth
                     (no ring)
HPRegen 0.32/turn    (no ring)
MPRegen 0.11/turn

%: no passive effects
@: lethally poisoned (0 -> -7), lightly drained
A: large, unfitting armour, horns 1, tough skin 1, double potion healing,
drunken brawling
a: Renounce Religion


You were on level 5 of the Dungeon.
You worshipped Ignis.
Ignis was noncommittal.
You visited 1 branch of the dungeon, and saw 5 of its levels.
You also visited: Sewer.

You collected 56 gold pieces.

Inventory:

Hand Weapons
 a - a -1 falchion of flaming
 d - a +0 club
 f - a -3 sling
 g - a -2 sling
 h - a -1 hand axe
 i - a -3 hand axe
 j - a +0 club
 o - a +0 dagger
 p - a +0 hand axe
 r - a +0 dagger
 v - a +0 dagger
 B - a +0 club
 C - a +0 mace
 D - a +0 morningstar (weapon)
 H - a +4 dagger
Missiles
 q - 8 stones (quivered)
 s - 6 javelins
Armour
 b - a +0 robe
 n - +0 pearl dragon scales (worn)
 E - a +0 chain mail
 F - a +0 ring mail
 G - a +0 scale mail
 I - a +0 robe
Talismans
 u - a serpent talisman
 A - a serpent talisman
Scrolls
 k - 4 scrolls of fear {unknown}
 m - a scroll of noise {unknown}
 t - a scroll of torment {unknown}
 x - a scroll of enchant weapon {unknown}
 y - a scroll of blinking {unknown}
Potions
 c - a potion of curing
 e - a potion of berserk rage {unknown}
 l - 2 potions of attraction {unknown}
 w - a potion of degeneration {unknown}
 z - a potion of cancellation {unknown}


   Skills:
 + Level 6.0 Fighting
 + Level 4.9 Long Blades
 + Level 0.1 Maces & Flails
 + Level 1.7 Armour
 + Level 1.5 Dodging
 + Level 1.3 Spellcasting
 + Level 3.7 Fire Magic


You had 6 spell levels left.
You knew the following spells:

 Your Spells              Type           Power      Damage    Failure   Level
a - Scorch                Fire           24%        2d6       30%         2

Your spell library contained the following spells:

 Spells                   Type           Power      Damage    Failure   Level
 Magic Dart               Conj           4%         1d3       67%         1
 Blink                    Tloc           2%         N/A       80%         2
 Call Imp                 Summ           2%         N/A       80%         2
 Cigotuvi's Dreadful Rot  Necr/Alch/Air  2%         N/A       80%         2
 Dispel Undead            Necr           1%         3d6       100%        4
 Martyr's Knell           Necr/Summ      1%         N/A       100%        4
 Death Channel            Necr           0%         N/A       100%        6


Dungeon Overview and Level Annotations

Branches:
Dungeon (5/15)              Sewer (visited)
 Temple: D:4-7

Altars:
Xom

Shops:
D:1 (


Innate Abilities, Weirdness & Mutations

You are too large for most types of armour.
You have a pair of small horns on your head.
You have tough skin. (AC +1)
You gain doubled healing and magic from potions.
Whenever you drink a healing potion, you attack all around you.


Message History

You have reached level 7!
Things that are here:
a +4 dagger; a +0 robe
Things that are here:
a +4 dagger; a +0 robe
H - a +4 dagger;
I - a +0 robe Your magical contamination has completely faded away.
A wight comes into view. It is wielding a +3 hand axe.
A wight comes into view. It is wielding a +0 halberd of venom.
The wight hits you from afar with a +0 halberd of venom.
You partially resist.
You feel drained.
You are poisoned.
You feel very sick. The wight hits you but does no damage.
You are more poisoned.
The wight hits you with a +3 hand axe.
You feel very sick. The wight attacks as it pursues you!
The wight hits you with a +3 hand axe. You partially resist.
You feel drained.
The wight hits you from afar with a +0 halberd of venom.
You partially resist.
You feel drained.
You sock the wight! Your headbutt misses the wight.
The wight is almost destroyed.
You feel very sick. The wight closely misses you.
The wight hits you with a +3 hand axe.
* * * LOW HITPOINT WARNING * * *
The wight hits you with a +3 hand axe!
* * * LOW HITPOINT WARNING * * *
The wight barely misses you.
Okay, then.
Casting: Scorch (dangerous; 30% risk of failure)
Confirm with . or Enter, or press ? or * to list all spells.
Flames lash the wight.
The wight is heavily damaged.
The wight's fire resistance burns away.
* * * LOW HITPOINT WARNING * * *
You feel very sick.
The wight hits you from afar with a +0 halberd of venom!
You die...
Ignis goes out, and joins you in death.

## ### .# #.## .# ###
##..## #. ###.#
###.##..
#.######...###..#####
#.##...###.#..##
#.z@.### #...##
#..### #z...# #.z##
#..#...# #...#
#...###..# #....#
.....# #..# .....#.
....... #..## ##....
. ........ #... #....
z ....... .." ....


You could see 2 wights.

Vanquished Creatures
  A water moccasin (D:4)
  2 brain worms (Sewer)
  A wight (D:5)
  A hound (D:5)
  2 iguanas
  3 river rats (Sewer)
  3 adders
  A dart slug (D:1)
  3 orcs (D:5)
  5 endoplasms
  2 giant cockroaches (D:1)
  3 goblins
  4 hobgoblins
  2 quokkas (D:1)
  4 ball pythons
  3 bats
  A frilled lizard (Sewer)
  6 rats
47 creatures vanquished.

Vanquished Creatures (others)
  55 foxfires
55 creatures vanquished.

Grand Total: 102 creatures vanquished

Notes
Turn   | Place    | Note
-------+----------+-------------------------------------------
     0 | D:1      | chuckh07 the Oni Cinder Acolyte began the quest for the
                  | Orb.
     0 | D:1      | Reached XP level 1. HP: 24/24 MP: 2/2
   150 | D:1      | Reached XP level 2. HP: 29/32 MP: 3/3
   201 | D:1      | Found Cixahoig's Weapon Shoppe.
   303 | D:2      | Reached XP level 3. HP: 39/39 MP: 4/4
   686 | D:4      | Found a glowing drain.
   691 | Sewer    | Entered a sewer
   742 | Sewer    | Reached XP level 4. HP: 44/49 MP: 5/5
   760 | Sewer    | Noticed a brain worm
   771 | Sewer    | Killed a brain worm
   772 | Sewer    | Reached skill level 5 in Fighting
   772 | Sewer    | Reached XP level 5. HP: 43/57 MP: 3/6
   908 | D:4      | Reached skill level 1 in Dodging
   908 | D:4      | Reached XP level 6. HP: 45/66 MP: 7/7
   994 | D:4      | Noticed a water moccasin
  1011 | D:4      | Killed a water moccasin
  1012 | D:4      | Reached skill level 1 in Armour
  1105 | D:5      | Entered Level 5 of the Dungeon
  1138 | D:5      | Found a shimmering altar of Xom.
  1138 | D:5      | Found a shimmering altar of Xom.
  1178 | D:5      | Noticed an acid dragon
  1397 | D:5      | Learned a level 2 spell: Scorch
  1570 | D:5      | Reached skill level 6 in Fighting
  1672 | D:5      | Reached XP level 7. HP: 43/75 MP: 2/9
  1704 | D:5      | Slain by a wight

Illustrated notes

Levels and vault maps discovered:
D:1:      matt_arrival_grand_opening, layout_rooms, serial_shops, shop, shop,
          shop_statue, shop, nicolae_shop_scrapyard
D:2:      layout_basic
D:3:      layout_loops_ring, nicolae_gozag_seed_capital
D:4:      layout_basic, portal_sewer_entry_e, st_stairs_6,
          nicolae_elevator_lobby_asterisk
D:5:      layout_layer_cave, xom_redecorated, grunt_decor_one_mirror

Skill      XL: |  1  2  3  4  5  6 |
---------------+-------------------+-----
Long Blades    | 3 4 |  4.9
Fire Magic     | 3 |  3.7
Fighting       | 5 6 |  6.0
Dodging        | 1 |  1.5
Armour         | 1 |  1.7
Maces & Flails | |  0.1
Spellcasting   | |  1.3

Action                     |  1- 3 |  4- 6 |  7- 9 || total
---------------------------+-------+-------+-------++-------
  Melee: Falchion          |    57 |    61 |       ||   118
         Headbutt          |    11 |     9 |       ||    20
         Morningstar       |       |     5 |     1 ||     6
   Cast: Scorch            |       |     4 |     1 ||     5
 Invoke: Foxfire Swarm     |     5 |     2 |       ||     7
         Fiery Armour      |     2 |       |       ||     2
         Rising Flame      |       |     1 |       ||     1
    Use: Potion            |     2 |     4 |       ||     6
 Armour: Robe              |    25 |       |       ||    25
         Skin              |     1 |       |       ||     1
         Pearl dragon scal |    37 |    84 |     8 ||   129
  Dodge: Dodged            |    26 |    27 |     2 ||    55

Table legend: (Time is in decaauts)
 A = Elapsed time spent in this place.
 B = Non-inter-level travel time spent in this place.
 C = Inter-level travel time spent in this place.
 D = Time resting spent in this place.
 E = Time spent auto-exploring this place.
 F = Levels seen in this place.
 G = Mean time per level.
                   A        B        C        D        E       F      G
               +--------+--------+--------+--------+--------+-----+--------+
         Total |   1698 |   1550 |    148 |      0 |     91 |   6 |  283.0 |
       Dungeon |   1544 |   1396 |    148 |      0 |     91 |   5 |  308.8 |
         Sewer |    154 |    154 |      0 |      0 |      0 |   1 |  154.0 |
               +--------+--------+--------+--------+--------+-----+--------+

Top non-repeatable levels by time:
     D:4: 511 daAuts
     D:5: 409 daAuts
     D:1: 301 daAuts
     D:2: 289 daAuts
   Sewer: 154 daAuts
     D:3: 32 daAuts
